 Dungeon Crawl Stone Soup version 0.30-a0-920-g7493c07aab (webtiles) character file.

Game seed: 14246819689169846266

53 cforsyth the Shield-Bearer (level 4, -7/35 HPs)
             Began as a Human Fighter on Mar 21, 2023.
             Killed by divine providence
             ... invoked by an orc priest
              (17 damage)
             ... on level 3 of the Dungeon.
             The game lasted 00:01:44 (1530 turns).

cforsyth the Shield-Bearer (Human Fighter)          Turns: 1530, Time: 00:01:45

Health: -7/35      AC:  9    Str: 19    XL:     4   Next: 11%
Magic:  4/4        EV:  9    Int:  8    God:
Gold:   108        SH:  4    Dex: 12    Spells: 3/3 levels left

rFire   . . .      SeeInvis .    a - +0 flail
rCold   + . .      Faith    .    c - +0 buckler
rNeg    . . .      Spirit   .    b - +0 scale mail
rPois   .          Reflect  .    (no helmet)
rElec   .          Rampage  .    (no cloak)
rCorr   .                        g - +0 pair of gloves
Will    .....                    k - +0 pair of boots Stlth
                                 (no amulet)
HPRegen 0.25/turn                f - ring of protection from cold
MPRegen 0.09/turn                (no ring)

@: no status effects
A: no striking features
a: no special abilities


You were on level 3 of the Dungeon.
You visited 1 branch of the dungeon, and saw 3 of its levels.

You collected 108 gold pieces.

Inventory:

Hand Weapons
 a - a +0 flail (weapon)
Armour
 b - a +0 scale mail (worn)
 c - a +0 buckler (worn)
 g - a +0 pair of gloves (worn)
 k - a +0 pair of boots (worn)
Jewellery
 f - a ring of protection from cold (left hand)
 o - a ring of magical power
 u - a ring of fire
Scrolls
 e - a scroll of silence {unknown}
 i - a scroll of fog {unknown}
 j - 2 scrolls of identify {unknown}
 m - 2 scrolls of torment {unknown}
 p - a scroll of magic mapping {unknown}
 q - a scroll of blinking {unknown}
Potions
 d - a potion of might
 h - 4 potions of curing {unknown}
 l - a potion of flight {unknown}
 n - a potion of heal wounds {unknown}
 r - a potion of attraction {unknown}
 s - a potion of ambrosia {unknown}
 t - a potion of magic {unknown}


   Skills:
 + Level 3.4 Fighting
 + Level 2.7 Maces & Flails
 + Level 3.4 Armour
 + Level 3.4 Shields


You had 3 spell levels left.
You didn't know any spells.
Your spell library contained the following spells:

 Spells                   Type           Power      Damage    Failure   Level
 Ensorcelled Hibernation  Hex/Ice        0%         N/A       95%         2
 Passwall                 Tmut/Erth      0%         N/A       95%         2
 Hailstorm                Conj/Ice       0%         3d3       99%         3
 Swiftness                Air            0%         N/A       99%         3
 Ice Form                 Ice/Tmut       0%         N/A       100%        4
 Simulacrum               Ice/Necr       0%         N/A       100%        6


Dungeon Overview and Level Annotations

Branches:
Dungeon (3/15)

Altars:
Vehumet

Shops:
D:3 (


Message History

Found a stone staircase leading up.
An orc comes into view. It is wielding a +0 whip.
Found a scroll labelled GAMATE JEKKUE.
An orc is nearby!
An orc is nearby!
An orc is nearby!
An orc comes into view. It is wielding a +0 flail.
The orc shouts!
An orc and an orc priest come into view.
The orc shouts!
The orc priest shouts!
The orc hits you with a +0 whip.
You barely miss the orc priest. You block the orc priest's attack.
The orc hits you with a +0 whip.
You closely miss the orc priest.
The orc priest hits you but does no damage.
The orc closely misses you.
You sock the orc priest!
The orc priest is heavily wounded.
You block the orc priest's attack. The orc hits you but does no damage.
The orc priest hits you with a +0 dagger.
You closely miss the orc priest.
The orc priest is heavily wounded.
The orc priest hits you with a +0 dagger.
The orc hits you with a +0 flail.
You closely miss the orc priest.
The orc priest is heavily wounded.
You block the orc priest's attack. The orc hits you with a +0 flail.
You closely miss the orc priest.
The orc priest is heavily wounded.
The orc priest barely misses you. The orc hits you but does no damage.
The orc priest misses you. The orc closely misses you.
You closely miss the orc priest.
The orc priest is heavily wounded.
The orc priest invokes the aid of Beogh against you.
Beogh smites you!
* * * LOW HITPOINT WARNING * * *
The orc hits you but does no damage.
The orc priest invokes the aid of Beogh against you.
Beogh smites you!
You die...

#...........##.#.#
#.######>##.###.##
#.# #.##.# #.# #.#
#...<# #.# #.#
####.# #.# #.# #.#
#.# #.# #.# #.#
#.# #.# #.# #@#
..# #.# #.# #.#
#oo# ..# #.oo#
#..... #.?..#
..#.## ##.#. #.#.


You could see an orc priest and 3 orcs.

Vanquished Creatures
  An adder (D:2)
  5 endoplasms
  3 giant cockroaches
  5 goblins
  2 hobgoblins (D:1)
  2 jackals (D:2)
  4 kobolds
  2 quokkas
  6 ball pythons
  2 bats (D:2)
  A frilled lizard (D:1)
  8 rats
41 creatures vanquished.

Notes
Turn   | Place    | Note
-------+----------+-------------------------------------------
     0 | D:1      | cforsyth the Human Fighter began the quest for the Orb.
     0 | D:1      | Reached XP level 1. HP: 18/18 MP: 1/1
   141 | D:1      | Reached XP level 2. HP: 24/24 MP: 2/2
   358 | D:1      | Reached XP level 3. HP: 29/29 MP: 3/3
   794 | D:2      | Found a faded altar of an unknown god.
  1150 | D:2      | Found a radiant altar of Vehumet.
  1174 | D:2      | Reached XP level 4. HP: 32/35 MP: 4/4
  1445 | D:3      | Found Ziynaf's Weapon Shoppe.
  1530 | D:3      | Killed from afar by an orc priest

Illustrated notes

Levels and vault maps discovered:
D:1:      ncdulo_halloftheorcs, layout_rooms
D:2:      layout_loops_ring, ebering_ecumenical_altar_sacrificial, basic_altar,
          minivault_19, kennysheep_pointless_box
D:3:      layout_loops_ring, serial_shops, nicolae_shop_bloodbath_and_beyond,
          minivault_27, solitary_fountain

Action                     |  1- 3 |  4- 6 || total
---------------------------+-------+-------++-------
  Melee: Flail             |   110 |    19 ||   129
 Armour: Scale mail        |    61 |     8 ||    69
  Dodge: Dodged            |    45 |     6 ||    51
  Block: Buckler           |    28 |     4 ||    32

Table legend: (Time is in decaauts)
 A = Elapsed time spent in this place.
 B = Non-inter-level travel time spent in this place.
 C = Inter-level travel time spent in this place.
 D = Time resting spent in this place.
 E = Time spent auto-exploring this place.
 F = Levels seen in this place.
 G = Mean time per level.
                   A        B        C        D        E       F      G
               +--------+--------+--------+--------+--------+-----+--------+
         Total |   1570 |   1545 |     25 |      0 |   1201 |   3 |  523.3 |
       Dungeon |   1570 |   1545 |     25 |      0 |   1201 |   3 |  523.3 |
               +--------+--------+--------+--------+--------+-----+--------+

Top non-repeatable levels by time:
     D:2: 793 daAuts
     D:1: 602 daAuts
     D:3: 175 daAuts
